 Dungeon Crawl Stone Soup version 0.31-a0-188-g5e087ee2ca (webtiles) character file.

Game seed: 12802477669392682713

289 qw the Skirmisher (level 6, -3/34 HPs)
             Began as a Deep Elf Hunter on June 23, 2023.
             Slain by Pargi (6 damage)
             ... on level 3 of the Dungeon.
             The game lasted 00:00:42 (1606 turns).

qw the Skirmisher (Deep Elf Hunter)                 Turns: 1606, Time: 00:00:43

Health: -3/34      AC:  6    Str:  9    XL:     6   Next: 9%
Magic:  8/8        EV: 10    Int: 18    God:
Gold:   76         SH:  0    Dex: 17    Spells: 5/5 levels left

rFire   + . .        Y - +0 shortbow
rCold   . . .        (shield currently unavailable)
rNeg    . . .        f - +0 ring mail
rPois   .            (no helmet)
rElec   .            (no cloak)
rCorr   .            (no gloves)
SInv    .            g - +0 pair of boots
Will    .....        (no amulet)
Stlth   +            (no ring)
HPRegen 0.25/turn    (no ring)
MPRegen 0.11/turn

%: no passive effects
@: no status effects
A: clever 1, fire resistance 1
a: no special abilities


You were on level 3 of the Dungeon.
You visited 1 branch of the dungeon, and saw 3 of its levels.

You collected 136 gold pieces.
You spent 60 gold pieces at shops.


Innate Abilities, Weirdness & Mutations

Your mind is acute. (Int +4, Str/Dex -1)
Your flesh is heat resistant. (rF+)


   Skills:
 + Level 1.5 Fighting
 - Level 9.7 Ranged Weapons
 - Level 2.4 Dodging
 - Level 1.2 Stealth


You had 5 spell levels left.
You didn't know any spells.
Your spell library was empty.

Inventory:

Hand Weapons
 Y - a +0 shortbow (weapon)
Armour
 f - a +0 ring mail (worn)
 g - a +0 pair of boots (worn)
Jewellery
 b - a +6 ring of dexterity
Scrolls
 a - a scroll of identify
Potions
 c - a potion of mutation
 d - a potion of brilliance {unknown}
 e - a potion of heal wounds {unknown}
 h - 3 potions of curing {unknown}
 j - a potion of magic {unknown}
 k - a potion of might {unknown}
 l - a potion of lignification {unknown}
 m - a potion of haste {unknown}

Dungeon Overview and Level Annotations

Branches:
Dungeon (3/15)

Altars:
Yredelemnul

Shops:
D:2 *

Annotations:
D:3 Pargi


Message History

You shoot an arrow. The arrow closely misses Pargi.
Pargi closely misses you. Pargi claws you. Pargi claws you but does no damage.
You shoot an arrow. The arrow barely misses Pargi.
Pargi barely misses you. Pargi claws you but does no damage. x2
You shoot an arrow. The arrow barely misses Pargi.
Pargi bites you. Pargi claws you. Pargi claws you but does no damage.
You shoot an arrow.
The arrow hits Pargi but does no damage.
Pargi is moderately wounded.
Pargi bites you. Pargi barely misses you. Pargi claws you but does no damage.
You shoot an arrow. The arrow hits Pargi.
Pargi is moderately wounded.
Pargi closely misses you. Pargi claws you but does no damage. Pargi claws you.
You shoot an arrow. The arrow hits Pargi.
Pargi is heavily wounded.
Pargi barely misses you. Pargi claws you. x2
You shoot an arrow. The arrow closely misses Pargi.
Pargi bites you but does no damage. Pargi closely misses you.
Pargi claws you but does no damage. Pargi barely misses you.
Pargi claws you but does no damage. x2
You shoot an arrow.
The arrow hits Pargi but does no damage.
Pargi is heavily wounded.
Pargi bites you. Pargi closely misses you. Pargi claws you.
You shoot an arrow. The arrow hits Pargi.
Pargi is heavily wounded.
Pargi bites you. Pargi claws you but does no damage. Pargi closely misses you.
You shoot an arrow. The arrow hits Pargi.
Pargi is severely wounded.
Pargi barely misses you. Pargi claws you but does no damage. Pargi claws you.
You shoot an arrow. The arrow closely misses Pargi.
Pargi bites you but does no damage. Pargi barely misses you. x2
You shoot an arrow. The arrow hits Pargi.
Pargi is severely wounded.
Pargi bites you. Pargi barely misses you. Pargi claws you.
You shoot an arrow.
The arrow hits Pargi but does no damage.
Pargi is severely wounded.
Pargi bites you.
You die...

...............#
##########..##.#
#
#...........##.#
.
#.#########.##.#
##.## ..# #(##.#
....# ###
####.##.##.#.##
...).....#....#
####.........#...
####..@T.!.#
#......#....
..<.......# #..
####.....##
##..... ##.####
#.# ..


You could see Pargi.

Vanquished Creatures
  Grinder (D:3)
  Terence (D:2)
  3 adders
  A worm (D:2)
  4 dart slugs (D:1)
  4 endoplasms (D:1)
  2 giant cockroaches (D:3)
  A goblin (D:3)
  4 hobgoblins
  6 jackals (D:1)
  A kobold (D:1)
  6 quokkas
  A ball python (D:3)
  2 bats (D:1)
  4 frilled lizards
  3 rats
44 creatures vanquished.

Notes
Turn   | Place    | Note
-------+----------+-------------------------------------------
     0 | D:1      | qw the Deep Elf Hunter began the quest for the Orb.
     0 | D:1      | Reached XP level 1. HP: 12/12 MP: 3/3
     0 | D:1      | 0 ||| qw: Version: 0.3-a-9-g12657ce
     0 | D:1      | 0 ||| qw: Game counter: 3593
     0 | D:1      | 0 ||| qw: Always use a shield: true
     0 | D:1      | 0 ||| qw: God list: Okawaru
     0 | D:1      | 0 ||| qw: Allow faded altars: false
     0 | D:1      | 0 ||| qw: Do Orc after D:15 true
     0 | D:1      | 0 ||| qw: Do second Lair branch before Depths: true
     0 | D:1      | 0 ||| qw: Lair rune preference: random
     0 | D:1      | 0 ||| qw: Plans: Normal
     0 | D:1      | 0 ||| PLANNING D:1-11
   302 | D:1      | Reached skill level 6 in Ranged Weapons
   302 | D:1      | Reached XP level 2. HP: 16/16 MP: 4/4
   310 | D:1      | 310 ||| FLEEEEING.
   311 | D:1      | 311 ||| FLEEEEING.
   312 | D:1      | 312 ||| FLEEEEING.
   313 | D:1      | 313 ||| FLEEEEING.
   314 | D:1      | 314 ||| FLEEEEING.
   466 | D:1      | Reached XP level 3. HP: 20/20 MP: 5/5
   802 | D:1      | 802 ||| UPGRADING to +0 ring mail.
   812 | D:1      | 812 ||| DROPPING +0 leather armour.
   813 | D:1      | 813 ||| UPGRADING to +0 pair of boots.
   818 | D:1      | 818 ||| DROPPING ring of wizardry.
   819 | D:1      | 819 ||| READING 2 scrolls labelled GIREUH MUANUQ.
   820 | D:1      | 820 ||| READING scroll labelled COICOL JAVVEHO.
   821 | D:1      | 821 ||| DROPPING scroll of butterflies.
   911 | D:2      | Reached skill level 7 in Ranged Weapons
   972 | D:2      | Noticed Terence
   989 | D:2      | Killed Terence
   990 | D:2      | Reached XP level 4. HP: 21/25 MP: 6/6
  1024 | D:2      | Found Ogudoloe's Assorted Antiques.
  1032 | D:2      | 1032 ||| SHOPLISTING brass ring (110 gold, have 89).
  1032 | D:2      | 1032 ||| BUYING brown potion (19 gold).
  1032 | D:2      | Bought a brown potion for 19 gold pieces
  1032 | D:2      | 1032 ||| BUYING bubbling orange potion (19 gold).
  1032 | D:2      | Bought a bubbling orange potion for 19 gold pieces
  1032 | D:2      | 1032 ||| SHOPLISTING runed arbalest (165 gold, have 51).
  1032 | D:2      | 1032 ||| BUYING scroll labelled KAAT VEREOFO (22 gold).
  1032 | D:2      | Bought a scroll labelled KAAT VEREOFO for 22 gold pieces
  1032 | D:2      | 1032 ||| SHOPLISTING scroll of identify (44 gold, have 29).
  1401 | D:2      | 1401 ||| READING scroll labelled ROSKET QAXKU.
  1402 | D:2      | 1402 ||| READING scroll labelled KAAT VEREOFO.
  1403 | D:2      | 1403 ||| DRINKING 2 fizzy coppery potions.
  1403 | D:2      | Gained mutation: Your flesh is heat resistant. (rF+)
                  | [potion of mutation]
  1403 | D:2      | Gained mutation: Your mind is acute. (Int +4, Str/Dex -1)
                  | [potion of mutation]
  1464 | D:3      | Found a basalt altar of Yredelemnul.
  1475 | D:3      | Reached skill level 8 in Ranged Weapons
  1527 | D:3      | Noticed Grinder
  1532 | D:3      | Paralysed by Grinder for 5 turns
  1542 | D:3      | Killed Grinder
  1543 | D:3      | Reached skill level 9 in Ranged Weapons
  1543 | D:3      | Reached XP level 5. HP: 24/29 MP: 7/7
  1543 | D:3      | Reached XP level 6. HP: 28/34 MP: 8/8
  1581 | D:3      | Noticed Pargi
  1605 | D:3      | HP: 6/34 [Pargi (3)]
  1606 | D:3      | Slain by Pargi

Levels and vault maps discovered:
D:1:      mushboom_english_gardens, layout_basic, minmay_heptomino_h4
D:2:      wander_river, layout_loops_ring, serial_shops,
          nicolae_shop_back_alley_shop, uniq_terence
D:3:      layout_loops_ring, mainiacjoe_overflow_catwalk,
          lemuel_coloured_pillars_altar, gammafunk_temple_overflow_wave,
          uniq_crazy_yiuf_cottage, uniq_pargi, uniq_grinder

Skill      XL: |  1  2  3  4 |
---------------+-------------+-----
Ranged Weapons | 6 7 9 |  9.7
Fighting       | |  1.5
Dodging        | |  2.4
Stealth        | |  1.2

Action                     |  1- 3 |  4- 6 || total
---------------------------+-------+-------++-------
   Fire: Shortbow          |   108 |    68 ||   176
    Use: Scroll            |     2 |     2 ||     4
         Potion            |       |     1 ||     1
 Armour: Leather armour    |     7 |       ||     7
         Ring mail         |     8 |    30 ||    38
  Dodge: Dodged            |    35 |    34 ||    69

Table legend:
 A = Non-vault XP
 B = Vault XP
 C = Vault XP percentage of total XP
 D = Non-vault monster count
 E = Vault monster count
 F = Vault count percentage of total count
                 A         B        C        D         E       F
            +---------+---------+-------+---------+---------+-------
      Total |     111 |     303 |  73.2 |      39 |       5 |  11.4
            +---------+---------+-------+---------+---------+-------
        D:1 |      42 |       9 |  17.6 |      21 |       3 |  12.5
        D:2 |      48 |      36 |  42.9 |      12 |       1 |   7.7
        D:3 |      21 |     258 |  92.5 |       6 |       1 |  14.3
            +---------+---------+-------+---------+---------+-------
